 Dungeon Crawl Stone Soup version 0.18.1-48-g4cf74bf (webtiles) character file.

86 Alarkh the Insei (level 4, -3/34 HPs)
             Began as a Vampire Chaos Knight on July 23, 2016.
             Killed from afar by Natasha (12 damage)
             ... with a wand of flame
             ... on level 3 of the Dungeon.
             The game lasted 00:02:17 (1566 turns).

Alarkh the Insei (Vampire Chaos Knight)             Turns: 1566, Time: 00:02:18

Health: -3/34      AC:  5    Str: 11    XL:     4   Next: 27%
Magic:  4/4        EV: 12    Int: 15    God:    Xom [*.....]
Gold:   112        SH:  0    Dex: 13    Spells: 0 memorised, 3 levels left

rFire  . . .     SeeInvis +       - Unarmed
rCold  . . .     Gourm    .     a - +2 leather armour
rNeg   . . .     Faith    .     (no shield)
rPois  .         Spirit   .     (no helmet)
rElec  .         Dismiss  .     (no cloak)
rCorr  .         Reflect  .     (no gloves)
SustAt .         Harm     .     (no boots)
MR     .....                    (no amulet)
Stlth  +.........               (no ring)
                                (no ring)

@: regenerating quickly, slowed, very slow, not resistant to hostile
enchantments, very unstealthy
A: fangs 3, see invisible, unbreathing
a: Renounce Religion


You were on level 3 of the Dungeon.
You worshipped Xom.
You were a special plaything of Xom.
You were very full.

You visited 1 branch of the dungeon, and saw 3 of its levels.

You collected 112 gold pieces.

Inventory:

Armour
 a - a +2 leather armour (worn)
Jewellery
 l - an uncursed ring of flight {unknown}
Scrolls
 d - a scroll of teleportation {unknown}
 g - 4 scrolls of identify {unknown}
 h - a scroll of enchant weapon {unknown}
 k - 2 scrolls of remove curse {unknown}
 m - a scroll of recharging {unknown}
 o - a scroll of fear {unknown}
Potions
 b - 3 potions of curing
 c - 10 potions of blood
 e - a potion of agility {unknown}
 f - a potion of heal wounds {unknown}
 i - 3 potions of might {unknown}
 j - 2 potions of resistance
 p - a potion of cure mutation {unknown}
Books
 n - a book of Power

   Spells                             Type                      Level
   a - Fulminant Prism                Conjuration/Hexes            4
   b - Iskenderun's Mystic Blast      Conjuration                  4
   c - Venom Bolt                     Conjuration/Poison           5
   d - Bolt of Magma                  Conjuration/Fire/Earth       5
   e - Iron Shot                      Conjuration/Earth            6
   f - Orb of Destruction             Conjuration                  7
   g - Spellforged Servitor           Conjuration/Summoning        7


   Skills:
 - Level 2.6 Fighting
 - Level 0.7 Armour
 - Level 2.1 Dodging
 + Level 5.6 Unarmed Combat


You had 3 spell levels left.
You didn't know any spells.

Dungeon Overview and Level Annotations

Branches:
Dungeon (3/15)

Altars:

Annotations:
D:3 Natasha


Innate Abilities, Weirdness & Mutations

Your natural rate of healing is unusually fast.
You have razor-sharp teeth.
You have supernaturally acute eyesight.
You can survive without breathing.


Message History

c - 10 potions of blood (gained 1)
You see here a giant newt corpse.
Natasha, Servant of Life and Death comes into view.
Natasha hisses angrily.
Natasha zaps a wand.
The puff of flame hits you!
It is a wand of flame.
Natasha zaps a wand.
The puff of flame hits you!
Natasha stares at you and mumbles some strange words.
You feel yourself slow down.
Natasha drinks a potion.
Natasha suddenly seems more resistant.
Natasha zaps a wand.
The puff of flame hits you!
You see here a scroll labeled OHEGIS LENIA.
Natasha claws you.
You hit Natasha.
Natasha is moderately wounded.
Natasha stares at you and mumbles some strange words.
The magic dart hits you!
* * * LOW HITPOINT WARNING * * *
Natasha zaps a wand.
The puff of flame hits you!
You die...
Xom howls with laughter!

##########
#........#
##.#####.#
#.# #.#
#.#####.#
#.†...#.#
#.###.#.#
### #.#?#
#<#@#
###h# #.#
#.# #.#
#.. ###


You could see Natasha.

Vanquished Creatures
  4 adders (D:2)
  An ooze (D:1)
  3 worms (D:2)
  3 dart slugs (D:2)
  A giant gecko (D:2)
  7 hobgoblins
  6 bats
  3 giant newts
  2 goblins
  A kobold (D:1)
  5 rats
36 creatures vanquished.

Notes
Turn   | Place    | Note
--------------------------------------------------------------
     0 | D:1      | Alarkh the Vampire Chaos Knight began the quest for the Orb.
     0 | D:1      | Reached XP level 1. HP: 17/17 MP: 1/1
   262 | D:1      | XOM is BORED!
   262 | D:1      | XOM: silly message
   431 | D:1      | Reached XP level 2. HP: 22/23 MP: 2/2
   482 | D:1      | Reached skill level 4 in Unarmed Combat
   772 | D:1      | XOM: silly message
   967 | D:2      | XOM: noise
  1002 | D:2      | Reached XP level 3. HP: 18/28 MP: 3/3
  1137 | D:2      | XOM: fog
  1150 | D:2      | Reached skill level 5 in Unarmed Combat
  1246 | D:2      | XOM is BORED!
  1397 | D:2      | Reached XP level 4. HP: 25/34 MP: 4/4
  1560 | D:3      | Noticed Natasha
  1566 | D:3      | Killed from afar by Natasha

Skill      XL: |  1  2  3 |
---------------+----------+-----
Unarmed Combat | 4 5 |  5.6
Fighting       | |  2.6
Armour         | |  0.7
Dodging        | |  2.1

Action                   |  1- 3 |  4- 6 || total
-------------------------+-------+-------++-------
Melee: Unarmed           |   152 |    16 ||   168
       Bite              |    17 |     1 ||    18
       Punch             |     1 |       ||     1
  Use: Potion            |    10 |       ||    10
Armor: Leather armour    |    38 |     7 ||    45
Dodge: Dodged            |    99 |    11 ||   110
